cohdb
Replays
Latest Replays
All Replays
Popular Replays
Top Player Replays
Match Explorer
How It Works
Community
CoH3 Stats
Reddit
Sign in to upload your games and track your stats! →
Sign in with Steam
Match 45539214
Unlisted
Match 45539214
Overview
Messages
Build Orders
End
Kettenkrad Recon Vehicle
Construct Infanterie Kompanie
Selects Terror Battlegroup
Selects Machine Gun Camouflage
MG 42 Machine Gun Team
Grenadier Squad
Grenadier Squad
Construct Panzergrenadier Kompanie
251 Medium Carrier
Pak 40 Anti-tank Gun Team
Panzergrenadier Squad
251 Medium Carrier
Construct Panzer Kompanie
Panzergrenadier Officer Quarters
Selects Contempt for the Weak
Selects Interrogate
Selects Propaganda Leaflet Drop
Panzer IV Medium Tank
Panzer Officer Quarters
Side Skirts
Propaganda Leaflet Drop
Panzer IV Medium Tank
251 Medium Carrier
Selects V1 Rocket Strike
Kettenkrad Recon Vehicle
V1 Rocket Strike
Selects No Quarter
warmachine
Dellan Dancing Dirty!
Dark Lord Cthulhu
MrZiehr
Kale: Son of Lettuce
Suwak
BayouBoys spec ops command.
MasterPain
0
0
Comments
sign in to comment!
No comments posted yet!